 Dungeon Crawl Stone Soup version 0.30-a0-920-g7493c07aab (webtiles) character file.

Game seed: 1627639129465230204

128057 Pooter the Severer (level 16, -1/130 HPs)
             Began as a Minotaur Fighter on Mar 19, 2023.
             Was the Champion of Hepliaklqana.
             Slain by a demonic crawler (5 damage)
             ... on level 1 of the Spider Nest on Mar 22, 2023.
             The game lasted 03:01:47 (42595 turns).

Pooter the Severer (Minotaur Fighter)              Turns: 42595, Time: 03:01:48

Health: -1/130     AC: 30    Str: 28 (31) XL:     16   Next: 47%
Magic:  2/21       EV: 10    Int:  9      God:    Hepliaklqana [******]
Gold:   1950       SH:  5    Dex: 16      Spells: 15/15 levels left

rFire   . . .      SeeInvis .    a - +4 battleaxe
rCold   x . .      Faith    .    (shield currently unavailable)
rNeg    + + +      Spirit   .    M - +3 plate armour of Tidy {+Inv rElec rC- Dex+4}
rPois   +          Reflect  +    Y - +2 hat {Will+}
rElec   +          Rampage  .    P - +2 cloak {Stlth+}
rCorr   .                        z - +2 pair of gloves {Str+3}
Will    ++...                    q - +2 pair of boots {Stlth+}
Stlth   +                        L - amulet of reflection
HPRegen 0.41/turn                j - +6 ring of strength
MPRegen 0.17/turn                X - ring of Ameemagof {+Blink rElec rPois rN+++ Str-3}

@: lethally poisoned (-1 -> -24)
A: reduced essence, horns 2, retaliatory headbutt, iridescent scales 1, clever 1
a: Renounce Religion, Evoke Blink, Evoke Invisibility, Recall Ancestor, Ancestor
Identity, Transference, Idealise


You were on level 1 of the Spider Nest.
You worshipped Hepliaklqana.
Hepliaklqana was exalted by your worship.
You visited 5 branches of the dungeon, and saw 24 of its levels.
You also visited: Ossuary and Ice Cave.

You collected 3419 gold pieces.
You spent 1469 gold pieces at shops.

Inventory:

Hand Weapons
 a - a +4 battleaxe (weapon)
   (You took it off Urug on level 5 of the Lair of Beasts)
 b - a +2 arbalest of draining
   (You took it off an orc warrior on level 8 of the Dungeon)
 p - a +2 battleaxe of freezing
   (You took it off a frost giant in an ice cave)
 N - a +0 eveningstar of freezing
   (You found it in an ice cave)
Missiles
 g - 5 atropa-tipped darts
 n - 17 boomerangs (quivered)
 Q - 5 javelins
 S - 4 curare-tipped darts
 U - 6 silver javelins
Armour
 q - a +2 pair of boots of stealth (worn)
   (You found it on level 1 of the Lair of Beasts)
 z - a +2 pair of gloves of strength (worn)
   (You bought it in a shop on level 2 of the Orcish Mines)
 E - a +4 plate armour of cold resistance
   (You found it in an ice cave)
 M - the +3 plate armour of Tidy (worn) {+Inv rElec rC- Dex+4}
   (You found it on level 13 of the Dungeon)

   Dex:       It affects your dexterity (+4).
   rC:        It makes you vulnerable to cold.
   rElec:     It insulates you from electricity.
   +Inv:      It lets you turn invisible.
 P - a +2 cloak of stealth (worn)
   (You took it off Maurice on level 10 of the Dungeon)
 Y - a +2 hat of willpower (worn)
   (You took it off Gastronok on level 9 of the Dungeon)
Jewellery
 j - a +6 ring of strength (left hand)
   (You found it on level 3 of the Dungeon)
 y - a +5 ring of evasion
   (You found it on level 4 of the Dungeon)
 F - a ring of protection from fire
   (You found it in an ossuary)
 H - a +6 ring of dexterity
   (You found it on level 10 of the Dungeon)
 I - a ring of protection from cold
   (You found it on level 9 of the Dungeon)
 J - a ring of flight
   (You found it on level 14 of the Dungeon)
 L - an amulet of reflection (around neck)
   (You bought it in a shop on level 10 of the Dungeon)
 R - a ring of willpower
   (You found it on level 12 of the Dungeon)
 X - the ring of Ameemagof (right hand) {+Blink rElec rPois rN+++ Str-3}
   (You found it in an ice cave)

   [ring of poison resistance]

   Str:       It affects your strength (-3).
   rElec:     It insulates you from electricity.
   rPois:     It protects you from poison.
   rN:        It renders you almost immune to negative energy.
   +Blink:    It lets you blink.
Wands
 c - a wand of charming (15)
   (You took it off a gnoll sergeant on level 9 of the Dungeon)
 d - a wand of iceblast (4)
   (You took it off a wight on level 7 of the Dungeon)
 f - a wand of flame (32)
   (You took it off Maurice on level 10 of the Dungeon)
 k - a wand of quicksilver (9)
   (You found it in an ice cave)
 D - a wand of digging (8)
   (You found it on level 7 of the Dungeon)
 T - a wand of mindburst (4)
   (You took it off an orc priest on level 8 of the Dungeon)
Scrolls
 i - 7 scrolls of identify {@r1}
 s - 2 scrolls of blinking
 t - a scroll of teleportation {@r4}
 u - a scroll of fear
 w - a scroll of poison {!r}
 A - 6 scrolls of magic mapping
 B - 5 scrolls of noise {!r}
 G - 4 scrolls of fog
Potions
 h - 3 potions of cancellation
 l - 6 potions of flight
 m - 3 potions of haste {@q3}
 o - 7 potions of heal wounds {@q2}
 r - 5 potions of mutation {!q}
 v - a potion of invisibility
 x - a potion of berserk rage
 C - a potion of brilliance
 K - 2 potions of lignification {!q}
 O - 4 potions of attraction {!q}
 V - 5 potions of magic
 W - a potion of ambrosia
 Z - 15 potions of curing {@q1}
Miscellaneous
 e - a phantom mirror
   (You found it in an ice cave)


   Skills:
 + Level 13.8 Fighting
 - Level 19.2(20.0) Axes
 - Level 9.2(15.3) Maces & Flails
 * Level 17.0 Ranged Weapons
 + Level 7.4 Armour
 + Level 5.6 Dodging
 + Level 4.6 Stealth
 - Level 3.6 Shields
 + Level 8.9 Invocations
 + Level 8.1 Evocations


You had 15 spell levels left.
You didn't know any spells.
Your spell library contained the following spells:

 Spells                   Type           Power      Damage    Failure   Level
 Magic Dart               Conj           0%         1d3       98%         1
 Slow                     Hex            0%         N/A       98%         1
 Call Imp                 Summ           0%         N/A       99%         2
 Cigotuvi's Dreadful Rot  Necr/Pois/Air  0%         N/A       99%         2
 Lesser Beckoning         Tloc           0%         N/A       99%         2
 Scorch                   Fire           0%         2d5       99%         2
 Confusing Touch          Hex            0%         N/A       100%        3
 Gell's Gravitas          Tloc           0%         N/A       100%        3
 Inner Flame              Hex/Fire       0%         N/A       100%        3
 Kindle Blastsparks       Fire/Tloc/Air  0%         2d10      100%        3
 Mephitic Cloud           Conj/Pois/Air  0%         N/A       100%        3
 Teleport Other           Tloc           0%         N/A       100%        3
 Vampiric Draining        Necr           0%         2d6       100%        3
 Anguish                  Hex/Necr       0%         N/A       100%        4
 Cause Fear               Hex            0%         N/A       100%        4
 Dispel Undead            Necr           0%         3d6       100%        4
 Flame Wave               Conj/Fire      0%         2d4       100%        4
 Fulminant Prism          Conj/Hex       0%         3d5       100%        4
 Iskenderun's Mystic Bla  Conj/Tloc      0%         2d3       100%        4
 Sticky Flame             Conj/Fire      0%         2d3       100%        4
 Blade Hands              Tmut           0%         N/A       100%        5
 Fireball                 Conj/Fire      0%         3d3       100%        5
 Iskenderun's Battlesphe  Conj           0%         2d6       100%        5
 Lee's Rapid Deconstruct  Erth           0%         3d4*      100%        5
 Yara's Violent Unravell  Hex/Tmut       0%         3d3       100%        5
 Conjure Ball Lightning   Conj/Air       0%         3x3d6     100%        6
 Death Channel            Necr           0%         N/A       100%        6
 Summon Cactus Giant      Summ           0%         N/A       100%        6
 Dragon Form              Tmut           0%         N/A       100%        7
 Enfeeble                 Hex            0%         N/A       100%        7
 Malign Gateway           Summ/Tloc      0%         N/A       100%        7
 Orb of Destruction       Conj           0%         9d5       100%        7
 Discord                  Hex            0%         N/A       100%        8
 Summon Horrible Things   Summ           0%         N/A       100%        8


Dungeon Overview and Level Annotations

Branches:
Dungeon (15/15)            Temple (1/1) D:7            Lair (5/5) D:11
  Swamp (0/4) Lair:2       Spider (1/4) Lair:3        Slime (0/5) Lair:4
    Orc (2/2) D:9             Elf (0/3) Orc:2        Vaults (0/5) D:13
 Depths (0/4) D:15        Ossuary (visited)           IceCv (visited)

Altars:
Ashenzari
Cheibriados
Dithmenos
Elyvilon
Fedhas
Gozag
Hepliaklqana
Kikubaaqudgha
Makhleb
Nemelex Xobeh
Okawaru
Qazlal
Ru
Sif Muna
Trog
Uskayaw
Vehumet
Wu Jian
Xom
Yredelemnul
Zin
The Shining One
Lugonu

Shops:
D:2 !   D:9 [   D:10 !*!:   Orc:2 ([*:

Portals:
Abyss: Lair:5


Innate Abilities, Weirdness & Mutations

Your life essence is reduced to manifest your ancestor. (-10% HP)
You have a pair of horns on your head.
You reflexively headbutt those who attack you in melee.
You are partially covered in iridescent scales. (AC +2)
Your mind is acute. (Int +4, Str/Dex -1)


Message History

You slash the emperor scorpion! You headbutt the emperor scorpion.
You barely miss the redback. You slash the demonic crawler!
The emperor scorpion barely misses you.
The emperor scorpion closely misses you.
The emperor scorpion claws you but does no damage.
The redback bites you but does no damage.
The demonic crawler hits you but does no damage. x3
Unknown command.
Unknown command.
You slice the emperor scorpion!! You headbutt the emperor scorpion.
You completely miss the redback. You slash the demonic crawler!
You block the emperor scorpion's attack.
The emperor scorpion claws you.
* * * LOW HITPOINT WARNING * * *
The emperor scorpion claws you but does no damage.
You block the redback's attack.
You block the demonic crawler's attack. x2
The demonic crawler hits you but does no damage.
Unknown command.
You hit the emperor scorpion but do no damage.
You hit the demonic crawler but do no damage.
You hit the redback. The emperor scorpion misses you.
The emperor scorpion claws you but does no damage.
The emperor scorpion claws you!
* * * LOW HITPOINT WARNING * * *
The redback bites you but does no damage.
Unknown command.
You slash the emperor scorpion!
You headbutt the emperor scorpion, but do no damage.
You closely miss the redback. You slash the demonic crawler!
The demonic crawler hits you but does no damage.
The demonic crawler hits you.
* * * LOW HITPOINT WARNING * * *
The demonic crawler barely misses you. The redback barely misses you.
You furiously retaliate!
You headbutt the redback. The emperor scorpion stings you!
* * * LOW HITPOINT WARNING * * *
You are lethally poisoned!
The emperor scorpion poisons you!
The emperor scorpion claws you but does no damage. x2
Unknown command.
You hit the emperor scorpion but do no damage.
Your headbutt misses the emperor scorpion.
You slash the demonic crawler! You hit the redback but do no damage.
* * * LOW HITPOINT WARNING * * *
You feel very sick. The demonic crawler barely misses you.
You furiously retaliate!
You headbutt the demonic crawler.
The demonic crawler hits you but does no damage.
The demonic crawler hits you.
You die...

####.....#...##
#..#..########
##..#........≈
#...>.......#~
#....########
###.......#
#§#§.....##
...#§.§######..
......§§@§.~....
####..†sss§#..##
##...###...
##§§§ .... [..^
$.. ...s# ##
###.## .s


You could see an emperor scorpion, a demonic crawler and a redback.

Vanquished Creatures
  Gastronok (D:9)
  Agnes (D:15)
  2 frost giants (IceCv)
  A ghost moth (Spider:1)
  5 slime creatures
  An orc warlord (Orc:1)
  The ghost of Mexzoddasi the Bludgeoner, a journeyman MiBe of Trog (D:13)
  A dire elephant (D:15)
  A white draconian (IceCv)
  An entropy weaver (Spider:1)
  An ice dragon (IceCv)
  A rakshasa (D:15)
  4 hydras
  4 ironbound frosthearts (IceCv)
  A catoblepas (D:14)
  3 vault guards (D:13)
  4 centaur warriors
  2 tengu warriors
  A boulder beetle (D:12)
  A two-headed ogre (shapeshifter) (Lair:5)
  4 two-headed ogres
  6 death yaks
  Urug (Lair:5)
  An orc high priest (Orc:2)
  Sonja (D:12)
  2 skysharks (Lair:5)
  A pharaoh ant (Lair:3)
  3 skeletal warriors
  2 orb spiders (Spider:1)
  An orange crystal statue (IceCv)
  Pikel (D:5)
  2 bog bodies (Lair:2)
  4 orc knights (Orc:2)
  4 cyclopes
  10 ugly things
  5 orc sorcerers (Orc:2)
  2 manticores
  2 wolf spiders
  14 elephants
  Maurice (D:10)
  A water nymph (shapeshifter) (D:14)
  An ice statue (D:15)
  A moth of wrath (Spider:1)
  4 black mambas
  5 cane toads
  Maggie (D:9)
  Psyche (D:9)
  16 rime drakes
  2 kobold demonologists (D:7)
  4 komodo dragons
  A yaktaur (D:13)
  An efreet (D:13)
  2 tengu conjurers
  An ancient zyme (Lair:5)
  11 polar bears (IceCv)
  2 meliai (D:14)
  3 trolls
  3 tarantellas
  A meliai (shapeshifter) (Lair:5)
  24 blink frogs
  Grinder (D:3)
  Sigmund (D:2)
  4 jumping spiders
  A large abomination (Lair:5)
  A culicivora (Spider:1)
  6 wyverns
  A wraith (D:7)
  2 shadows
  21 yaks
  A fire bat (shapeshifter) (D:13)
  3 basilisks
  A chaos spawn (Lair:5)
  6 redbacks
  2 steam dragons
  4 vampire mosquitoes
  Edmund (D:4)
  4 acid dragons
  A warg (Orc:1)
  A swamp worm (Lair:2)
  9 water moccasins
  Duvessa (D:4)
  12 orc warriors
  3 black bears
  A sky beast (D:8)
  An ice beast (D:6)
  5 ogres
  11 wolves
  6 centaurs
  2 phantoms
  3 kobold brigands
  12 bullfrogs
  A gnoll sergeant (D:9)
  13 scorpions
  5 small abominations (Lair:5)
  24 wights
  Dowan (D:4)
  9 killer bees
  7 howler monkeys
  An electric eel (Lair:1)
  A centaur zombie (Ossuary)
  A human zombie (Ossuary)
  4 jellies
  25 orc priests
  Jessica (D:3)
  2 hell rats (Lair:3)
  An iguana (D:5)
  20 orc wizards
  5 scorpion zombies (Ossuary)
  3 sleepcaps
  3 mummies (Ossuary)
  Robin (D:2)
  7 river rats (Lair:3)
  5 adders
  3 gnolls (D:9)
  2 white imps (D:7)
  3 ufetubi
  3 dart slugs
  70 orcs
  5 ball pythons
  6 endoplasms
  7 giant cockroaches
  A gnoll zombie (Ossuary)
  17 goblins
  12 hobgoblins
  6 jackals
  4 quokkas
  5 bats
  2 frilled lizards
  3 goblin zombies (Ossuary)
  2 hobgoblin zombies (Ossuary)
  16 kobolds
  4 kobold zombies (Ossuary)
  An orc zombie (Ossuary)
  6 rats
635 creatures vanquished.

Vanquished Creatures (collateral kills)
  An orc warlord (Orc:2)
  An ironbound frostheart (IceCv)
  2 centaur warriors
  A two-headed ogre (D:11)
  A boulder beetle (D:13)
  A tengu warrior (D:15)
  4 death yaks
  2 thrashing horrors (Lair:5)
  2 orc high priests (Orc:2)
  2 skysharks
  2 skeletal warriors (D:13)
  3 orb spiders (Spider:1)
  A bog body (Lair:2)
  A wolf spider (Spider:1)
  A large abomination (Lair:5)
  5 ugly things
  2 deep elf pyromancers
  An orc knight (Orc:2)
  An orc sorcerer (Orc:2)
  A black mamba (Lair:5)
  5 elephants
  A demonic crawler (Spider:1)
  A smoke demon (Lair:5)
  An ice statue (D:15)
  A gargoyle (D:13)
  A naga mage (D:15)
  A cane toad (Lair:1)
  4 komodo dragons
  A komodo dragon (shapeshifter) (Lair:5)
  An unseen horror (D:12)
  A yaktaur (D:13)
  3 rime drakes
  An ancient zyme (Lair:5)
  A merfolk (shapeshifter) (D:13)
  A meliai (D:14)
  6 polar bears (IceCv)
  A tyrant leech (shapeshifter) (Lair:5)
  3 tarantellas (Spider:1)
  4 trolls
  15 blink frogs
  2 jumping spiders (Spider:1)
  3 culicivoras (Spider:1)
  2 slime creatures (D:13)
  3 small abominations (Lair:5)
  4 basilisks
  7 yaks
  2 redbacks (Spider:1)
  A vampire mosquito (D:10)
  6 water moccasins
  11 orc warriors
  4 wolves
  2 centaurs (D:14)
  An ogre (shapeshifter) (Lair:5)
  An ogre (Orc:1)
  4 bullfrogs
  A killer bee (D:11)
  An electric eel (Lair:2)
  10 orc priests
  7 orc wizards
  A river rat (Lair:3)
  32 orcs
193 creatures vanquished.

Vanquished Creatures (others)
  A vault guard (D:13)
  A wizard (D:12)
  An orc warrior (Orc:2)
  2 ancestors (D:9)
  34 battlemagi
  An orc wizard (D:13)
  An orc (D:13)
  16 fungi
  16 plants
73 creatures vanquished.

Grand Total: 901 creatures vanquished

Notes
Turn   | Place    | Note
-------+----------+-------------------------------------------
     0 | D:1      | Pooter the Minotaur Fighter began the quest for the Orb.
     0 | D:1      | Reached XP level 1. HP: 19/19 MP: 0/0
    86 | D:1      | Reached skill level 3 in Axes
   141 | D:1      | Reached XP level 2. HP: 26/26 MP: 1/1
   213 | D:1      | Reached skill level 4 in Axes
   348 | D:1      | Reached XP level 3. HP: 31/31 MP: 2/2
   810 | D:2      | Found Ogitupn's Distillery.
   810 | D:2      | Noticed Sigmund
   829 | D:2      | Killed Sigmund
   830 | D:2      | Reached skill level 7 in Axes
   830 | D:2      | Reached XP level 4. HP: 11/39 MP: 3/3
   830 | D:2      | Reached XP level 5. HP: 13/45 MP: 4/4
   957 | D:2      | Bought a potion of curing for 36 gold pieces
  1081 | D:2      | Noticed Robin
  1092 | D:2      | Killed Robin
  1909 | D:3      | Reached XP level 6. HP: 51/51 MP: 5/5
  1970 | D:3      | Noticed Grinder
  1987 | D:3      | Paralysed by Grinder for 2 turns
  1999 | D:3      | Killed Grinder
  2000 | D:3      | Reached skill level 8 in Axes
  2090 | D:3      | Noticed Jessica
  2103 | D:3      | Killed Jessica
  2104 | D:3      | Reached skill level 9 in Axes
  2282 | D:2      | Bought a potion of haste for 120 gold pieces
  2562 | D:4      | Reached skill level 1 in Ranged Weapons
  2562 | D:4      | Reached XP level 7. HP: 58/58 MP: 6/6
  2943 | D:2      | Bought a potion of might for 48 gold pieces
  2995 | D:4      | Noticed Edmund
  3069 | D:4      | Killed Edmund
  3321 | D:4      | Reached skill level 10 in Axes
  3390 | D:4      | Noticed Duvessa
  3529 | D:4      | Killed Duvessa
  3530 | D:4      | Reached XP level 8. HP: 48/67 MP: 7/7
  3540 | D:4      | Noticed Dowan
  3805 | D:4      | Killed Dowan
  3902 | D:5      | Entered Level 5 of the Dungeon
  4145 | D:5      | Reached skill level 5 in Fighting
  4636 | D:2      | Bought a potion of flight for 36 gold pieces
  4793 | D:5      | Noticed Pikel
  4799 | D:5      | Killed Pikel
  4800 | D:5      | Reached skill level 11 in Axes
  4948 | D:5      | Found a radiant altar of Vehumet.
  4993 | D:5      | Found a shadowy altar of Dithmenos.
  5170 | D:6      | Reached XP level 9. HP: 71/75 MP: 8/8
  5423 | D:6      | Reached skill level 12 in Axes
  5726 | D:7      | Noticed a two-headed ogre
  5747 | D:7      | Found a sand-covered staircase.
  5835 | Ossuary  | Entered an ossuary
  6136 | Ossuary  | Reached XP level 10. HP: 77/86 MP: 9/9
  6309 | D:7      | Reached skill level 13 in Axes
  6327 | D:7      | Found a staircase to the Ecumenical Temple.
  6332 | Temple   | Entered the Ecumenical Temple
  6403 | Temple   | Became a worshipper of Hepliaklqana the Forgotten
  6669 | D:7      | Noticed a sun demon
  6897 | D:7      | Noticed a skeletal warrior
  7081 | D:8      | Found a sacrificial altar of Ru.
  7209 | D:8      | Reached skill level 1 in Maces & Flails
  7209 | D:8      | Found a shimmering altar of Xom.
  7218 | D:8      | Noticed a smoke demon
  7232 | D:7      | Killed a two-headed ogre
  7271 | D:7      | Killed a skeletal warrior
  7272 | D:7      | Reached skill level 14 in Axes
  7272 | D:7      | Reached skill level 10 in Ranged Weapons
  7652 | D:7      | Noticed a soul eater
  7955 | D:7      | Reached XP level 11. HP: 32/95 MP: 10/10
  8336 | D:8      | Found a bloodstained altar of Trog.
  8425 | D:8      | Reached * piety under Hepliaklqana
  9335 | D:9      | Found a staircase to the Orcish Mines.
  9346 | D:9      | Reached skill level 1 in Invocations
  9458 | D:9      | Found Lugoolow's Armour Shop.
  9471 | Orc:1    | Entered Level 1 of the Orcish Mines
  9506 | Orc:1    | Reached skill level 1 in Evocations
  9519 | Orc:1    | Noticed an orc warlord
  9659 | D:9      | Noticed Gastronok
  9671 | D:9      | Killed Gastronok
  9949 | D:9      | Noticed Maggie
  9960 | D:9      | Killed Maggie
 10396 | D:9      | Reached skill level 15 in Axes
 10405 | D:9      | Found a broken altar of Ashenzari.
 10578 | D:10     | Entered Level 10 of the Dungeon
 10642 | D:10     | Noticed Psyche
 10644 | D:10     | Noticed a two-headed ogre
 10660 | D:9      | Killed Psyche
 10894 | D:9      | Killed a two-headed ogre
 11369 | D:10     | Found a glowing silver altar of Zin.
 11378 | D:10     | Reached ** piety under Hepliaklqana
 11380 | D:10     | Remembered your ancestor Cynebald as a battlemage
 11484 | D:10     | Noticed Maurice
 11497 | D:10     | Killed Maurice
 11598 | D:10     | Found Dookleotoe's Distillery.
 11600 | D:10     | Found Hetevar's Distillery.
 11604 | D:10     | Found Sygimups's Assorted Antiques.
 11608 | D:10     | Found Raulaj's Book Boutique.
 11614 | D:10     | Reached skill level 5 in Maces & Flails
 11666 | D:10     | Bought a silvery potion for 25 gold pieces
 11666 | D:10     | Bought a small cameo amulet for 140 gold pieces
 11666 | D:10     | Bought a wand of flame (4) for 78 gold pieces
 11963 | Orc:1    | Killed an orc warlord
 11990 | Orc:1    | Reached XP level 12. HP: 95/95 MP: 13/13
 13121 | Orc:2    | Entered Level 2 of the Orcish Mines
 13472 | Orc:1    | Reached skill level 10 in Fighting
 13781 | Orc:1    | You fall into a shaft and drop 1 floor!
 13781 | Orc:2    | Noticed an orc warlord
 13781 | Orc:2    | Noticed an orc high priest
 13782 | Orc:2    | Noticed an orc high priest
 13847 | Orc:2    | Killed an orc high priest
 13849 | Orc:2    | Found a staircase to the Elven Halls.
 13849 | Orc:2    | Noticed an orc high priest
 13911 | Orc:2    | Noticed a two-headed ogre
 13914 | Orc:2    | Killed a two-headed ogre
 14014 | Orc:2    | Killed an orc high priest
 14167 | Orc:2    | Reached skill level 16 in Axes
 14527 | Orc:2    | Killed an orc warlord
 14781 | Orc:2    | Killed an orc high priest
 17995 | Orc:2    | Reached XP level 13. HP: 103/103 MP: 15/15
 19663 | Orc:2    | Found Nyvag's General Store.
 19665 | Orc:2    | Found Xienwe Lini's Book Shop.
 19667 | Orc:2    | Found Onweb's Antique Armour Boutique.
 19667 | Orc:2    | Found Qyshreor's Antique Weapon Boutique.
 19672 | Orc:2    | Bought a scroll of identify for 26 gold pieces
 19683 | Orc:2    | Bought a pair of glowing boots for 240 gold pieces
 19683 | Orc:2    | Bought a pair of runed gloves for 240 gold pieces
 19835 | Orc:2    | Upgraded the game from 0.30-a0-913-g9934a0ce24 to
                  | 0.30-a0-918-g0ff054e9dc
 20295 | D:11     | Reached skill level 5 in Invocations
 20669 | D:11     | Found a staircase to the Lair.
 21206 | Lair:1   | Entered Level 1 of the Lair of Beasts
 21206 | Lair:1   | Reached *** piety under Hepliaklqana
 22154 | Lair:2   | Reached skill level 5 in Evocations
 22235 | Lair:2   | Reached **** piety under Hepliaklqana
 22259 | Lair:2   | Reached skill level 17 in Axes
 22439 | Lair:2   | Got the Compilation of Shifting Companions
 22833 | Lair:2   | Found a staircase to the Swamp.
 23048 | Lair:3   | Found a hole to the Spider Nest.
 23338 | Lair:3   | Reached ***** piety under Hepliaklqana
 24557 | Lair:4   | Found a staircase to the Slime Pits.
 24567 | Lair:4   | Reached XP level 14. HP: 87/112 MP: 17/17
 25661 | Lair:5   | Entered Level 5 of the Lair of Beasts
 25690 | Lair:5   | Reached skill level 18 in Axes
 26253 | Lair:5   | Reached skill level 15 in Ranged Weapons
 26497 | Lair:5   | Noticed Urug
 26511 | Lair:5   | Killed Urug
 26889 | Lair:5   | Reached skill level 1 in Dodging
 27680 | Lair:5   | Reached skill level 1 in Stealth
 30692 | Lair:5   | Found a corrupted altar of Lugonu.
 30692 | Lair:5   | Found a one-way gate to the infinite horrors of the Abyss.
 31277 | D:12     | Reached XP level 15. HP: 120/120 MP: 19/19
 31430 | D:12     | Found an ornate altar of the Wu Jian Council.
 32119 | D:12     | Noticed Sonja
 32125 | D:12     | Killed Sonja
 32196 | D:13     | Noticed Mexzoddasi's ghost (journeyman MiBe)
 32444 | D:13     | Found a runed translucent door.
 32670 | D:13     | Reached skill level 5 in Armour
 33505 | D:13     | Killed Mexzoddasi's ghost
 33649 | D:13     | Found a gate to the Vaults.
 33747 | D:13     | Identified the +3 plate armour of Tidy {+Inv rElec rC-
                  | Dex+4}
 33844 | D:13     | Reached skill level 19 in Axes
 34022 | D:13     | Reached ****** piety under Hepliaklqana
 35279 | D:15     | Entered Level 15 of the Dungeon
 35283 | D:15     | Noticed Agnes
 35288 | D:15     | Killed Agnes
 35359 | D:15     | Found a frozen archway.
 35373 | D:15     | Upgraded the game from 0.30-a0-918-g0ff054e9dc to
                  | 0.30-a0-920-g7493c07aab
 35765 | IceCv    | Entered an ice cave
 36388 | IceCv    | Identified the +10 spear of Apuy {pain, *Rage Fly rElec
                  | Will+}
 36614 | IceCv    | Noticed a frost giant
 36614 | IceCv    | Noticed a frost giant
 36627 | IceCv    | Reached XP level 16. HP: 94/129 MP: 21/21
 36767 | IceCv    | Identified the ring of Ameemagof {+Blink rElec rPois rN+++
                  | Str-3}
 37433 | D:10     | Bought a scroll of enchant weapon for 210 gold pieces
 37438 | D:10     | Bought a potion of mutation for 120 gold pieces
 37438 | D:10     | Bought a potion of haste for 150 gold pieces
 37438 | D:10     | Gained mutation: You are partially covered in iridescent
                  | scales. (AC +2) [potion of mutation]
 37438 | D:10     | Gained mutation: Your mind is acute. (Int +4, Str/Dex -1)
                  | [potion of mutation]
 37559 | D:15     | Identified a scroll of acquirement
 37560 | D:15     | Acquired 1344 gold pieces
 37597 | D:15     | Reached skill level 5 in Dodging
 38348 | D:15     | Found a staircase to the Depths.
 38740 | Spider:1 | Entered Level 1 of the Spider Nest
 42595 | Spider:1 | HP: 4/130 [poisoned by an emperor scorpion]
 42595 | Spider:1 | Slain by a demonic crawler

Illustrated notes

Levels and vault maps discovered:
D:1:      dpeg_arrival_line_fractal, layout_loops_ring, reono_crystal_passage
D:2:      kennysheep_big_flooded_room, layout_rooms, serial_shops,
          nicolae_shop_trees, uniq_sigmund, uniq_robin
D:3:      layout_basic, uniq_grinder, uniq_jessica
D:4:      layout_loops_ring, chequers_garden, uniq_edmund, uniq_duvessa
D:5:      layout_loops_corners, kennysheep_mini_moat, grunt_dithmenos_smoke,
          uniq_pikel
D:6:      layout_basic
D:7:      minmay_cornered_nines, layout_rooms, minmay_temple_entry_nine_rooms,
          enter_ossuary_1, minmay_crossroads
D:8:      layout_basic, xom_confusion_cloud,
          nicolae_ru_great_annihilating_truth, mainiacjoe_overflow_chevrons
D:9:      layout_rooms, nicolae_ashenzari_skybound, orc_david_3,
          nicolae_figureground_pulse, uniq_maggie, uniq_gastronok
D:10:     layout_basic, mainiacjoe_overflow_brackets, minmay_shop_grid_forest,
          uniq_psyche, uniq_maurice
D:11:     layout_stronghold, david_lair_generic
D:12:     layout_stronghold, nzn_wu_jian_council_hall, uniq_sonja
D:13:     layout_long_grid, lightli_vaults_fourway_checkpoint,
          hellmonk_ghost_happy_afterlife, onia_ninara_dug_in_and_dangerous
D:14:     layout_gridville, minmay_tree_intersection
D:15:     hangedman_depths_entry_try_elsewhere_first, layout_basic,
          portal_ice_cave_entry_ice_statue_two, uniq_agnes
Temple:   nicolae_temple_superstar
Lair:1:   layout_gridlike, st_stairs_4, grunt_megastairs_5
Lair:2:   layout_long_grid, nicolae_swamp_entry_splash_gauntlet, st_stairs_5,
          lemuel_fruit_tree
Lair:3:   layout_hall_layers, nicolae_spider_entry_lesser_pyramids,
          kennysheep_rathole
Lair:4:   layout_loops_ring, slime_entry_1, grunt_megastairs_2
Lair:5:   hellmonk_lair_end_abyssal_woods, layout_long_grid, serial_forest,
          infiniplex_forest_clump_tiny, infiniplex_forest_end_1,
          infiniplex_forest_zigzag_1, infiniplex_forest_straight_4,
          infiniplex_forest_lined_2, infiniplex_forest_lined_corner,
          infiniplex_forest_lined_3_way, infiniplex_forest_lined_room_2,
          nicolae_lair_run_with_the_wolves, serial_bayou_shore_b, uniq_urug
Spider:1: layout_spider_delve
Orc:1:    layout_caves, basic_altar, minmay_orc_temple_b, uniq_fannar
Orc:2:    st_orc_congregation, layout_diamond_mine, lightli_orcish_oven

Skill      XL: |  1  2  3  4  5  6  7  8  9 10 11 12 13 14 15 16 |
---------------+-------------------------------------------------+-----
Axes           | 3 4 7 9 10 11 12 14 15 16 17 18 19 | 19.2
Ranged Weapons | 1 3 6 8 10 11 13 14 15 16 17 | 17.0
Fighting       | 4 6 7 8 9 10 11 12 13 | 13.8
Maces & Flails | 3 5 6 8 9 |  9.2
Invocations    | 3 4 6 7 8 |  8.9
Evocations     | 2 4 5 6 7 8 |  8.1
Armour         | 4 6 7 |  7.4
Dodging        | 2 4 5 |  5.6
Stealth        | 1 3 4 |  4.6
Shields        | |  3.6

Action                     |  1- 3 |  4- 6 |  7- 9 | 10-12 | 13-15 | 16-18 || total
---------------------------+-------+-------+-------+-------+-------+-------++-------
  Melee: War axe           |    58 |    59 |     6 |       |       |       ||   123
         Headbutt          |     6 |     4 |    37 |    70 |    92 |    28 ||   237
         Battleaxe         |       |       |   193 |    51 |   129 |    74 ||   447
         Flail             |       |       |    10 |       |    41 |       ||    51
         Dire flail        |       |       |       |   316 |   157 |       ||   473
         Eveningstar       |       |       |       |       |       |    17 ||    17
   Fire: Sling             |       |    38 |    55 |       |       |       ||    93
         Shortbow          |       |       |     8 |    12 |       |       ||    20
         Arbalest          |       |       |       |   269 |   627 |    84 ||   980
  Throw: Boomerang         |       |       |     2 |     2 |       |     1 ||     5
         Dart              |       |       |       |     3 |     3 |       ||     6
 Invoke: Recall Ancestor   |       |       |       |     2 |       |       ||     2
         Ancestor Life: Ba |       |       |       |     1 |       |       ||     1
  Evoke: Wand              |       |       |     3 |    26 |     7 |     6 ||    42
    Use: Potion            |     2 |       |       |     7 |    12 |     4 ||    25
         Scroll            |       |     4 |     7 |    12 |    23 |     5 ||    51
   Stab: Distracted        |       |       |       |     4 |     5 |     2 ||    11
         Invisible         |       |       |       |     1 |     1 |     4 ||     6
         Betrayed ally     |       |       |       |       |     1 |       ||     1
 Armour: Scale mail        |    26 |    42 |    34 |       |       |       ||   102
         Plate armour      |       |       |    59 |   207 |   277 |   104 ||   647
  Dodge: Dodged            |    15 |    28 |   128 |   219 |   148 |    42 ||   580
  Block: Buckler           |    13 |    19 |     2 |       |       |       ||    34
         Other             |       |       |       |    29 |   102 |    18 ||   149
         Reflection        |       |       |       |     8 |     8 |       ||    16

Table legend: (Time is in decaauts)
 A = Elapsed time spent in this place.
 B = Non-inter-level travel time spent in this place.
 C = Inter-level travel time spent in this place.
 D = Time resting spent in this place.
 E = Time spent auto-exploring this place.
 F = Levels seen in this place.
 G = Mean time per level.
                   A        B        C        D        E       F      G
               +--------+--------+--------+--------+--------+-----+--------+
         Total |  42974 |  40794 |   2180 |  20383 |  14829 |  26 | 1652.8 |
       Dungeon |  18814 |  17120 |   1694 |   4639 |   9568 |  15 | 1254.3 |
        Temple |    124 |     72 |     52 |      0 |     52 |   1 |  124.0 |
          Lair |  10107 |   9772 |    335 |   4715 |   3933 |   5 | 2021.4 |
   Spider Nest |   3871 |   3871 |      0 |   3718 |     26 |   1 | 3871.0 |
  Orcish Mines |   8137 |   8039 |     98 |   6685 |    652 |   2 | 4068.5 |
       Ossuary |    396 |    396 |      0 |      0 |    203 |   1 |  396.0 |
      Ice Cave |   1521 |   1521 |      0 |    625 |    394 |   1 | 1521.0 |
               +--------+--------+--------+--------+--------+-----+--------+

Top non-repeatable levels by time:
   Orc:2: 5818 daAuts
  Lair:5: 5464 daAuts
Spider:1: 3871 daAuts
   Orc:1: 2318 daAuts
    D:13: 2283 daAuts
     D:9: 2113 daAuts
     D:7: 1657 daAuts
   IceCv: 1521 daAuts
  Lair:3: 1400 daAuts
  Lair:4: 1329 daAuts
    D:11: 1322 daAuts
    D:15: 1288 daAuts
     D:8: 1256 daAuts
     D:4: 1196 daAuts
     D:5: 1186 daAuts
